 Dungeon Crawl Stone Soup version 0.29-a0-289-g2178c42546 (console) character file.

Game seed: 9128474524027378954

18 Ignak the Grave Robber (level 2, -3/20 HPs)
             Began as a Gnoll Necromancer on Mar 17, 2022.
             Slain by Terence
             ... wielding a +4 vorpal mace
              (4 damage)
             ... on level 2 of the Dungeon.
             The game lasted 00:02:26 (1292 turns).

Ignak the Grave Robber (Gnoll Necromancer)          Turns: 1292, Time: 00:02:27

Health: -3/20      AC:  6    Str:  7    XL:     2   Next: 66%
Magic:  1/7        EV: 14    Int: 14    God:
Gold:   82         SH:  0    Dex: 12    Spells: 9/10 levels left

rFire   . . .      SeeInvis .   (no weapon)
rCold   . . .      Faith    .   (no shield)
rNeg    . . .      Spirit   .   k - +0 ring mail
rPois   .          Reflect  .   (no helmet)
rElec   .          Harm     .   (no cloak)
rCorr   .          Rampage  .   j - +0 pair of gloves
Will    .....                   (no boots)
Stlth   ++........              (no amulet)
HPRegen 0.06/turn               h - +4 ring of evasion
MPRegen 0.10/turn               (no ring)

@: very slightly contaminated
A: fangs 1, strong nose, distributed training
a: no special abilities


You were on level 2 of the Dungeon.
You visited 1 branch of the dungeon, and saw 2 of its levels.

You collected 82 gold pieces.

Inventory:

Armour
 j - a +0 pair of gloves (worn)
 k - a +0 ring mail (worn)
Jewellery
 h - a +4 ring of evasion (left hand)
Scrolls
 f - a scroll of vulnerability {unknown}
 i - a scroll of identify {unknown}
Potions
 b - a potion of magic
 d - a potion of heal wounds {unknown}
 g - a potion of curing {unknown}


   Skills:
 + Level 0.5 Fighting
 + Level 0.5 Short Blades
 + Level 0.5 Long Blades
 + Level 0.5 Axes
 + Level 0.5 Maces & Flails
 + Level 0.5 Polearms
 + Level 0.5 Staves
 + Level 0.5 Slings
 + Level 0.5 Bows
 + Level 0.5 Crossbows
 + Level 0.5 Throwing
 + Level 0.5 Armour
 + Level 4.5 Dodging
 + Level 4.1 Stealth
 + Level 0.5 Shields
 + Level 0.5 Unarmed Combat
 + Level 4.9 Spellcasting
 + Level 0.3 Conjurations
 + Level 0.3 Hexes
 + Level 0.3 Summonings
 + Level 7.0 Necromancy
 + Level 0.3 Translocations
 + Level 0.3 Transmutations
 + Level 0.3 Fire Magic
 + Level 0.3 Ice Magic
 + Level 0.3 Air Magic
 + Level 0.3 Earth Magic
 + Level 0.3 Poison Magic
 + Level 0.6 Invocations
 + Level 0.5 Evocations


You had 9 spell levels left.
You knew the following spells:

 Your Spells              Type           Power      Damage    Failure   Level
a - Pain                  Necr           92%        1d8       3%          1

Your spell library contained the following spells:

 Spells                   Type           Power      Damage    Failure   Level
 Animate Skeleton         Necr           46%        N/A       3%          1
 Vampiric Draining        Necr           23%        2d7       10%         3
 Animate Dead             Necr           11%        N/A       32%         4
 Agony                    Necr           23%        N/A       67%         5
 Ozocubu's Armour         Ice            4%         N/A       83%         3
 Metabolic Englaciation   Hex/Ice        2%         N/A       100%        5
 Simulacrum               Ice/Necr       6%         N/A       100%        6


Dungeon Overview and Level Annotations

Branches:
Dungeon (2/15)

Altars:

Annotations:
D:2 Terence


Innate Abilities, Weirdness & Mutations

You have very sharp teeth.
Your uncanny sense of smell can sniff out nearby items.
Your experience applies equally to all skills.


Message History

Confirm with . or Enter, or press ? or * to list all spells.
Aiming: Pain (safe; 3% risk of failure)
Press: ? - help, Shift-Dir - straight line, f/p - Terence
Aim: Terence, wielding a +4 vorpal mace and wearing a +0 ring mail (moderately wounded, chance to affect: 87%) Terence writhes in agony.
Casting: Pain (safe; 3% risk of failure)
Confirm with . or Enter, or press ? or * to list all spells.
Aiming: Pain (safe; 3% risk of failure)
Press: ? - help, Shift-Dir - straight line, f/p - Terence
Aim: Terence, wielding a +4 vorpal mace and wearing a +0 ring mail (heavily wounded, chance to affect: 87%)
You miscast Pain.
You are very lightly contaminated with residual magic.
Nothing appears to happen.
Terence hits you with a +4 vorpal mace.
Casting: Pain (safe; 3% risk of failure)
Confirm with . or Enter, or press ? or * to list all spells.
Aiming: Pain (safe; 3% risk of failure)
Press: ? - help, Shift-Dir - straight line, f/p - Terence
Aim: Terence, wielding a +4 vorpal mace and wearing a +0 ring mail (heavily wounded, chance to affect: 87%) Terence writhes in agony.
Terence hits you with a +4 vorpal mace!
* * * LOW HITPOINT WARNING * * *
x2
Casting: Pain (safe; 3% risk of failure)
Confirm with . or Enter, or press ? or * to list all spells.
Aiming: Pain (safe; 3% risk of failure)
Press: ? - help, Shift-Dir - straight line, f/p - Terence
Aim: Terence, wielding a +4 vorpal mace and wearing a +0 ring mail (heavily wounded, chance to affect: 87%) Terence barely resists.
Terence hits you with a +4 vorpal mace.
* * * LOW HITPOINT WARNING * * *
x2
Casting: Pain (safe; 3% risk of failure)
Confirm with . or Enter, or press ? or * to list all spells.
Aiming: Pain (safe; 3% risk of failure)
Press: ? - help, Shift-Dir - straight line, f/p - Terence
Aim: Terence, wielding a +4 vorpal mace and wearing a +0 ring mail (heavily wounded, chance to affect: 87%) Terence barely resists.
Terence hits you but does no damage.
Casting: Pain (safe; 3% risk of failure)
Confirm with . or Enter, or press ? or * to list all spells.
Aiming: Pain (safe; 3% risk of failure)
Press: ? - help, Shift-Dir - straight line, f/p - Terence
Aim: Terence, wielding a +4 vorpal mace and wearing a +0 ring mail (heavily wounded, chance to affect: 87%) Terence barely resists.
Terence hits you with a +4 vorpal mace.
You die...

#..........#.#
#.###.##...#### ##
#.###......... ..#
#.......#..### ##.##
#...<......# ....
##.##..##.## #..#
#.##..##.# #..#
#.##..##.#######..###.#
#.##..##...[@@.....(..#
#.##..##########.[#####
#.##[.# #..# #.##...
...@# #.# ###.#( #.#
#.#.. #.# ...... #.#
....... #^# #...###(#


You could see Terence.

Vanquished Creatures
  A bat (D:1)
  2 endoplasms
  A hobgoblin (D:1)
  2 jackals (D:1)
  5 kobolds
  A quokka (D:1)
  A ball python (D:2)
  3 rats
16 creatures vanquished.

Notes
Turn   | Place    | Note
-------+----------+-------------------------------------------
     0 | D:1      | Ignak the Gnoll Necromancer began the quest for the Orb.
     0 | D:1      | Reached XP level 1. HP: 13/13 MP: 6/6
   493 | D:1      | Reached XP level 2. HP: 17/19 MP: 4/7
  1271 | D:2      | Noticed Terence
  1290 | D:2      | HP: 1/20 [Terence/+4 vorpal mace (1)]
  1292 | D:2      | Slain by Terence

Illustrated notes

Levels and vault maps discovered:
D:1:      wander_arrival_lonely_grave, layout_basic, serial_bayou,
          serial_bayou_pond_d, serial_bayou_shore_b, serial_bayou_crossing,
          serial_bayou_pond_c
D:2:      layout_loops_ring, ebering_ecumenical_altar_petrified, uniq_terence

Action                   || total
-------------------------++-------
Melee: Unarmed           ||    12
       Bite              ||     1
Throw: Dart              ||     5
 Cast: Pain              ||    28
Armor: Robe              ||     2
       Ring mail         ||     1
Dodge: Dodged            ||    18

Table legend: (Time is in decaauts)
 A = Elapsed time spent in this place.
 B = Non-inter-level travel time spent in this place.
 C = Inter-level travel time spent in this place.
 D = Time resting spent in this place.
 E = Time spent auto-exploring this place.
 F = Levels seen in this place.
 G = Mean time per level.
                   A        B        C        D        E       F      G
               +--------+--------+--------+--------+--------+-----+--------+
         Total |   1299 |   1284 |     15 |    149 |    781 |   2 |  649.5 |
       Dungeon |   1299 |   1284 |     15 |    149 |    781 |   2 |  649.5 |
               +--------+--------+--------+--------+--------+-----+--------+

Top non-repeatable levels by time:
     D:1: 1049 daAuts
     D:2: 249 daAuts
